 Dungeon Crawl Stone Soup version 0.31-a0-1009-g454b1f1e0a (webtiles) character file.

Game seed: 8030475813603652936

121599 Avanven the Wrestler (level 16, -5/165 HPs)
             Began as a Troll Shapeshifter on Nov 14, 2023.
             Was a High Priest of Wu Jian.
             Slain by an anaconda (11 damage)
             ... led by a naga ritualist
             ... on level 2 of the Snake Pit on Nov 15, 2023.
             The game lasted 01:10:16 (23164 turns).

Avanven the Wrestler (Troll Shapeshifter)          Turns: 23164, Time: 01:10:17

Health: -5/165     AC: 10    Str: 32    XL:     16   Next: 32%
Magic:  15/15      EV: 10    Int:  6    God:    Wu Jian [*****.]
Gold:   1526       SH:  5    Dex:  9    Spells: 15/15 levels left

rFire   + +          .
                       - Unarmed
rCold   + . .        (shield currently unavailable)
rNeg    + . .        w - +1 acid dragon scales
rPois   +            A - -2 hat of the Alchemist {rElec rPois rF+ rC+ rN+ Will+ rMut rCorr}
rElec   +            v - +2 cloak
rCorr   +            (gloves unavailable)
SInv    .            (boots unavailable)
Will    ++...        o - amulet of reflection
Stlth   +            k - ring of protection from fire
HPRegen 1.27/turn    h - ring of flight
MPRegen 0.14/turn

%: reflection, resist mutation
@: flux-form, in a heavenly storm, flying, glowing, constricted, studying 3
skills
A: glow, contaminating, large, unfitting armour, claws 3, regeneration 1, shaggy
fur 1, tough skin 1
a: Begin Untransformation, Renounce Religion, Wall Jump, Serpent's Lash,
Heavenly Storm


You were on level 2 of the Snake Pit.
You worshipped Wu Jian.
Wu Jian was extremely pleased with you.
You were something dangerously unstable.
You visited 5 branches of the dungeon, and saw 25 of its levels.

You collected 2762 gold pieces.
You spent 1236 gold pieces at shops.

Inventory:

Missiles
 q - 2 throwing nets
Armour
 g - a +0 tower shield
 v - a +2 cloak (worn)
 w - +1 acid dragon scales (worn)
 A - the -2 hat of the Alchemist (worn) {rElec rPois rF+ rC+ rN+ Will+ rMut rCorr}
   (You bought it in a shop on level 2 of the Orcish Mines)

   rF+:       It protects you from fire.
   rC+:       It protects you from cold.
   rElec:     It insulates you from electricity.
   rPois:     It protects you from poison rN+: It protects you from negative
   energy.
   Will+:     It increases your willpower.
   rCorr:     It protects you from acid and corrosion.
   rMut:      It protects you from mutation.
 E - the +1 robe of the Black Moon {Rampage Drain rPois MP+9 Str+3}
   (You found it on level 10 of the Dungeon)

   Str+3:     It affects your strength (+3).
   rPois:     It protects you from poison MP+9: It affects your magic capacity
   (+9).
   Drain:     It drains your maximum health when unequipped.
   Rampage:   It bestows one free step when moving towards enemies.
Jewellery
 h - a ring of flight (right claw)
 i - a ring of poison resistance
 k - a ring of protection from fire (left claw)
 l - a ring of positive energy
 o - an amulet of reflection (around neck)
 t - a ring of protection from cold
 H - an amulet of guardian spirit
 T - a ring of positive energy
Talismans
 c - a beast talisman
 d - a flux talisman (active)
 Q - a serpent talisman
Wands
 a - a wand of acid (2)
 n - a wand of flame (20)
 r - a wand of charming (7)
 F - a wand of polymorph (2)
 K - a wand of mindburst (4)
 N - a wand of roots (9)
Scrolls
 e - 6 scrolls of identify
 j - 12 scrolls of teleportation
 p - a scroll of revelation
 u - 2 scrolls of summoning
 y - 4 scrolls of fog
 z - 3 scrolls of blinking
 D - 3 scrolls of immolation
 J - 4 scrolls of poison
 M - a scroll of torment
 O - a scroll of amnesia
 R - a scroll of silence
Potions
 b - 2 potions of lignification
 f - 5 potions of brilliance
 m - a potion of haste
 s - 2 potions of magic
 x - a potion of berserk rage
 B - a potion of mutation
 C - 2 potions of enlightenment
 G - 3 potions of curing
 I - a potion of resistance
 L - 2 potions of attraction
 S - 2 potions of might


   Skills:
 + Level 11.9 Fighting
 + Level 2.7 Armour
 - Level 10.0 Dodging
 * Level 21.2 Unarmed Combat
 + Level 13.2 Shapeshifting


You had 15 spell levels left.
You didn't know any spells.
Your spell library contained the following spells:

 Spells                   Type           Power      Damage    Failure   Level
 Magic Dart               Conj           0%         1d3       50%         1
 Necrotise                Necr           0%         1d4       50%         1
 Shock                    Conj/Air       0%         1d3       50%         1
 Slow                     Hex            0%         N/A       50%         1
 Blink                    Tloc           0%         N/A       65%         2
 Call Imp                 Summ           0%         N/A       65%         2
 Lesser Beckoning         Tloc           0%         N/A       65%         2
 Poisonous Vapours        Pois/Air       0%         N/A       65%         2
 Static Discharge         Conj/Air       0%         3-3/arc   65%         2
 Sublimation of Blood     Necr           0%         N/A       65%         2
 Wereblood                Tmut           0%         N/A       65%         2
 Confusing Touch          Hex            0%         N/A       86%         3
 Gell's Gravitas          Tloc           0%         N/A       86%         3
 Hailstorm                Conj/Ice       0%         3d3       86%         3
 Mephitic Cloud           Conj/Pois/Air  0%         N/A       86%         3
 Sigil of Binding         Hex            0%         N/A       86%         3
 Stone Arrow              Conj/Erth      0%         3d7       86%         3
 Swiftness                Air            0%         N/A       86%         3
 Teleport Other           Tloc           0%         N/A       86%         3
 Vampiric Draining        Necr           0%         2d6       86%         3
 Airstrike                Air            0%         2d(0-16)  99%         4
 Animate Armour           Summ/Erth      0%         N/A       99%         4
 Manifold Assault         Tloc           0%         N/A       99%         4
 Summon Ice Beast         Ice/Summ       0%         N/A       99%         4
 Summon Lightning Spire   Summ/Air       0%         N/A       99%         4
 Freezing Cloud           Conj/Ice/Air   0%         6-21      100%        5
 Simulacrum               Ice/Necr       0%         N/A       100%        6
 Summon Hydra             Summ           0%         N/A       100%        7
 Lehudib's Crystal Spear  Conj/Erth      0%         10d2      100%        8


Dungeon Overview and Level Annotations

Branches:
Dungeon (15/15)            Temple (1/1) D:5            Lair (5/5) D:10
  Swamp (0/4) Lair:3        Snake (2/4) Lair:2        Slime (0/5) Lair:4
    Orc (2/2) D:11            Elf (0/3) Orc:2        Vaults (0/5) D:14
 Depths (0/4) D:15

Altars:
Ashenzari
Cheibriados
Dithmenos
Elyvilon
Fedhas
Gozag
Hepliaklqana
Kikubaaqudgha
Makhleb
Nemelex Xobeh
Okawaru
Qazlal
Ru
Sif Muna
Trog
Uskayaw
Vehumet
Wu Jian
Xom
Yredelemnul
Zin
The Shining One

Shops:
D:9 :   D:12 **   D:13 (   Orc:2 [?[[[=   Snake:2 ?

Portals:
Trove: D:10 (give +5 demon blade)

Annotations:
D:4 1 runed translucent door
Temple 3 transporters
Lair:1 2 transporters, tish's ghost, novice OpIE


Innate Abilities, Weirdness & Mutations

You are something dangerously unstable.
You glow with magical radiation, making you easy to see and hit.
Foes you strike become dangerously contaminated with magical radiation.
You are incapable of wielding weapons or throwing items.
You are too large for most types of armour.
You have claws for hands.
Your natural rate of healing is unusually fast.
You are covered in fur. (AC +1)
You have tough skin. (AC +1)


Message History

You feel sick. You block the black mamba's attack.
The anaconda bites you but does no damage.
The anaconda constricts you.
* * * LOW HITPOINT WARNING * * *
You barely miss the black mamba.
The black mamba is severely wounded.
You block the black mamba's attack. You block the anaconda's attack.
The anaconda constricts you.
* * * LOW HITPOINT WARNING * * *
You claw the black mamba!
You kill the black mamba!
The Council accepts your kill.
You feel sick. The anaconda bites you.
* * * LOW HITPOINT WARNING * * *
The anaconda constricts you.
* * * LOW HITPOINT WARNING * * *
You closely miss the anaconda.
You feel sick.
You are no longer poisoned.
The black mamba closely misses you. The anaconda bites you!
* * * LOW HITPOINT WARNING * * *
The anaconda constricts you.
You claw the anaconda!
The anaconda begins to glow.
The anaconda is moderately wounded.
The black mamba barely misses you. The anaconda bites you.
* * * LOW HITPOINT WARNING * * *
The anaconda constricts you.
* * * LOW HITPOINT WARNING * * *
You closely miss the anaconda.
The anaconda is lightly wounded.
The black mamba closely misses you.
The anaconda bites you but does no damage.
The anaconda constricts you. The black mamba barely misses you.
You mangle the anaconda!!
The anaconda glows dangerously bright.
The anaconda is heavily wounded.
The anaconda bites you!
* * * LOW HITPOINT WARNING * * *
The anaconda constricts you.
* * * LOW HITPOINT WARNING * * *
You block the black mamba's attack. The anaconda bites you!
You die...

.#..............##
#
#####.........###
# #####....## #
###.....# .
.........## ..
##........# ###
####....○## .
#......○°#####...
.
#......§°pS○.....
##.....☼°S####...
#.###..○§○# .#
###.### ###


You could see an anaconda (heavy contam) and a black mamba.

Vanquished Creatures
  Rupert (D:14)
  Frances (D:12)
  Kirke (D:14)
  The ghost of Vutitzatia the Wallflower, a journeyman DsAr of Uskayaw (D:14)
  A ghost moth (Lair:4)
  A very ugly thing (D:15)
  Nessos (D:14)
  A dire elephant (Lair:2)
  A fire dragon (Lair:5)
  A great orb of eyes (D:15)
  A salamander tyrant (Snake:2)
  A rakshasa (D:15)
  2 ogre magi
  A ghost crab (Lair:3)
  5 hydras
  2 centaur warriors
  Erica (Lair:2)
  A catoblepas (Lair:3)
  3 boulder beetles
  2 anacondas (Snake:2)
  6 two-headed ogres
  10 death yaks (Lair:5)
  Urug (D:14)
  2 shock serpents
  3 naga sharpshooters (Snake:2)
  5 skysharks
  5 orc high priests (Orc:2)
  2 sixfirhies (D:14)
  A salamander mystic (Snake:2)
  A death drake (shapeshifter) (D:15)
  A spectral hydra (Lair:3)
  2 naga ritualists (Snake:2)
  3 deep elf pyromancers
  A lindwurm (Lair:5)
  4 orc knights
  2 orc sorcerers
  4 salamanders
  6 ugly things
  5 cyclopes
  21 black mambas
  47 elephants
  A gargoyle (D:14)
  Joseph (D:7)
  3 molten gargoyles (Lair:5)
  3 naga magi (Snake:2)
  A torpor snail (Lair:1)
  A rime drake (Lair:1)
  An unseen horror (D:12)
  23 cane toads
  A kobold demonologist (D:11)
  2 efreet (D:14)
  14 komodo dragons
  5 yaktaurs (D:15)
  A troll (D:11)
  5 polar bears (Lair:4)
  4 raiju (D:14)
  A hornet (D:8)
  8 blink frogs
  A glass eye (D:14)
  8 dream sheep
  5 slime creatures
  A vampire (D:11)
  A shadow (D:12)
  7 wyverns
  A spriggan (Lair:2)
  3 wraiths
  16 humans (D:14)
  5 hogs (D:14)
  24 yaks
  6 basilisks
  3 steam dragons
  Grum (D:11)
  3 vampire mosquitoes (D:13)
  3 wargs
  3 nagas (Snake:2)
  4 acid dragons
  16 water moccasins
  The ghost of farilari the Shooter, an amateur SpHu (D:4)
  3 hell hounds (Lair:5)
  3 sky beasts
  A spectral polar bear (Lair:3)
  19 orc warriors
  An ice beast (D:8)
  6 black bears
  12 ogres
  29 wolves
  3 centaurs
  2 kobold brigands
  19 bullfrogs
  2 gnoll sergeants
  5 scorpions
  A hornet simulacrum (D:15)
  11 wights
  10 killer bees
  An electric eel (Lair:4)
  2 howler monkeys (D:4)
  7 lava snakes
  3 hounds (D:5)
  4 jellies (Lair:4)
  27 orc priests
  3 gnoll boudas
  Terence (D:2)
  A sleepcap (D:7)
  Ijyb (D:2)
  Natasha (thrice) (D:2)
  6 iguanas
  6 hell rats (Lair:5)
  38 orc wizards
  Robin (D:2)
  35 gnolls
  4 adders
  A shadow imp (D:8)
  5 white imps
  2 ufetubi (D:7)
  A worm (D:4)
  2 dart slugs
  65 orcs
  3 ball pythons (D:3)
  A bat (D:3)
  3 endoplasms
  10 goblins
  5 hobgoblins
  22 jackals
  8 kobolds
  4 quokkas
  A frilled lizard (D:3)
  4 rats
755 creatures vanquished.

Vanquished Creatures (others)
  2 humans (D:14)
  An orc priest (Orc:2)
3 creatures vanquished.

Grand Total: 758 creatures vanquished

Notes
Turn   | Place    | Note
-------+----------+-------------------------------------------
     0 | D:1      | Avanven the Troll Shapeshifter began the quest for the Orb.
     0 | D:1      | Reached XP level 1. HP: 18/18 MP: 0/0
   409 | D:1      | Found a faded altar of an unknown god.
   430 | D:1      | Reached skill level 1 in Fighting
   579 | D:2      | Noticed Robin
   582 | D:2      | Reached XP level 2. HP: 27/27 MP: 1/1
   612 | D:2      | Killed Robin
   613 | D:2      | Reached XP level 3. HP: 12/33 MP: 2/2
   641 | D:2      | Noticed Terence
   648 | D:2      | Killed Terence
   649 | D:2      | Reached skill level 4 in Unarmed Combat
   733 | D:2      | Noticed Natasha
   747 | D:2      | Killed Natasha
   748 | D:2      | Reached XP level 4. HP: 21/42 MP: 3/3
   770 | D:2      | Noticed Natasha
   781 | D:2      | Killed Natasha
   959 | D:2      | Noticed Natasha
   970 | D:2      | Killed Natasha
   971 | D:2      | Reached XP level 5. HP: 23/49 MP: 4/4
  1064 | D:3      | Noticed Ijyb
  1160 | D:2      | Killed Ijyb
  1321 | D:3      | Found a shadowy altar of Dithmenos.
  1321 | D:3      | Found a snail-covered altar of Cheibriados.
  1333 | D:3      | Found a faded altar of an unknown god.
  1335 | D:3      | Found an ornate altar of the Wu Jian Council.
  1337 | D:3      | Found a basalt altar of Yredelemnul.
  1376 | D:3      | Became a worshipper of the Wu Jian Council
  1780 | D:4      | Found a runed translucent door.
  1782 | D:4      | Noticed farilari's ghost (amateur SpHu)
  1903 | D:4      | Reached skill level 5 in Unarmed Combat
  2062 | D:4      | Reached * piety under Wu Jian
  2113 | D:3      | Reached XP level 6. HP: 43/59 MP: 5/5
  2148 | D:4      | Found a runed translucent door.
  2634 | D:4      | Reached skill level 6 in Unarmed Combat
  2634 | D:4      | Reached XP level 7. HP: 63/67 MP: 6/6
  3211 | D:4      | Killed farilari's ghost
  3243 | D:5      | Entered Level 5 of the Dungeon
  3286 | D:5      | Reached ** piety under Wu Jian
  3301 | D:5      | Found a staircase to the Ecumenical Temple.
  3309 | D:5      | Reached skill level 5 in Shapeshifting
  3318 | Temple   | Found a transporter.
  3318 | Temple   | Found a transporter.
  3318 | Temple   | Found a transporter.
  3318 | Temple   | Found a transporter.
  3318 | Temple   | Entered the Ecumenical Temple
  3445 | D:5      | Reached skill level 7 in Unarmed Combat
  3503 | D:5      | Reached XP level 8. HP: 57/78 MP: 7/7
  3698 | D:5      | Reached skill level 8 in Unarmed Combat
  3846 | D:5      | Found a burning altar of Makhleb.
  3846 | D:5      | Found a glowing silver altar of Zin.
  3847 | D:5      | Noticed an angel
  3847 | D:5      | Noticed a green death
  4077 | D:5      | Found a radiant altar of Vehumet.
  4143 | D:6      | Identified the "Xounaycza"
  4198 | D:6      | Found a stormy altar of Qazlal.
  4383 | D:6      | Found a broken altar of Ashenzari.
  4412 | D:6      | Reached XP level 9. HP: 60/87 MP: 8/8
  4415 | D:6      | Reached *** piety under Wu Jian
  4449 | D:6      | Identified a scroll of acquirement
  4449 | D:6      | Acquired a manual of Unarmed Combat
  4470 | D:6      | Reached skill level 9 in Unarmed Combat
  4571 | D:6      | Found a shimmering blue altar of Sif Muna.
  4577 | D:6      | Found an ancient bone altar of Kikubaaqudgha.
  4586 | D:6      | Reached skill level 5 in Fighting
  4597 | D:6      | Found a radiant altar of Vehumet.
  4852 | D:7      | Reached skill level 10 in Unarmed Combat
  4970 | D:7      | Noticed Joseph
  4983 | D:7      | Killed Joseph
  4984 | D:7      | Reached skill level 11 in Unarmed Combat
  5263 | D:7      | Reached skill level 12 in Unarmed Combat
  5355 | D:7      | Reached XP level 10. HP: 97/98 MP: 9/9
  5357 | D:7      | Reached **** piety under Wu Jian
  5833 | D:8      | Found a shimmering altar of Xom.
  6027 | D:8      | Reached skill level 13 in Unarmed Combat
  6388 | D:8      | HP: 3/100 [killer bee (6)]
  6388 | D:8      | HP: 1/100 [killer bee (2)]
  6724 | D:9      | Found a bloodstained altar of Trog.
  6756 | D:9      | Found Unolokh's Book Shoppe.
  7340 | D:10     | Entered Level 10 of the Dungeon
  7487 | D:10     | Reached ***** piety under Wu Jian
  7494 | D:10     | Reached skill level 14 in Unarmed Combat
  7572 | D:10     | Found a staircase to the Lair.
  7670 | D:10     | Found a blossoming altar of Fedhas.
  7714 | D:10     | Found a white marble altar of Elyvilon.
  7742 | D:10     | Noticed a green ugly thing
  7749 | D:10     | Killed a cyan ugly thing
  7786 | D:10     | Identified the +1 robe of the Black Moon {Rampage Drain
                  | rPois MP+9 Str+3}
  7870 | D:10     | Found a portal to a secret trove of treasure.
  7928 | D:10     | Reached XP level 11. HP: 95/107 MP: 10/10
  8249 | D:10     | Noticed a purple ugly thing
  8253 | D:10     | Killed a purple ugly thing
  8536 | D:11     | Noticed a cyan ugly thing
  8541 | D:11     | Noticed a two-headed ogre
  8544 | D:11     | Killed a red ugly thing
  8556 | D:11     | Killed a two-headed ogre
  8557 | D:11     | Reached skill level 15 in Unarmed Combat
  8696 | D:11     | Found a staircase to the Orcish Mines.
  8790 | D:11     | Noticed Grum
  8799 | D:11     | Killed Grum
  9411 | D:12     | Found Piafianu's Assorted Antiques.
  9431 | D:12     | Acquired 553 gold pieces
  9452 | D:12     | Bought a potion of heal wounds for 145 gold pieces
  9462 | D:12     | Noticed a deep elf pyromancer
  9469 | D:12     | Killed a deep elf pyromancer
  9816 | D:12     | Reached skill level 5 in Dodging
  9821 | D:12     | Reached skill level 16 in Unarmed Combat
  9954 | D:12     | Found Guxeyt's Assorted Antiques.
  9998 | D:12     | Noticed Frances
 10026 | D:12     | Killed Frances
 10642 | Lair:1   | Entered Level 1 of the Lair of Beasts
 10649 | Lair:1   | Reached XP level 12. HP: 119/119 MP: 11/11
 11037 | Lair:1   | Found a transporter.
 11052 | Lair:1   | Found a transporter.
 11324 | Lair:1   | Noticed an eight-headed hydra
 11346 | Lair:1   | Killed a 14-headed hydra
 11434 | Lair:1   | Noticed tish's ghost (novice OpIE)
 11438 | Lair:1   | Found a bloodstained altar of Trog.
 11897 | Lair:2   | Noticed Erica
 11905 | Lair:2   | Killed Erica
 11906 | Lair:2   | Reached skill level 17 in Unarmed Combat
 12028 | Lair:2   | Reached skill level 10 in Shapeshifting
 12121 | Lair:2   | Noticed a boulder beetle
 12128 | Lair:2   | Killed a boulder beetle
 12349 | Lair:2   | Reached XP level 13. HP: 81/130 MP: 8/12
 13062 | Lair:2   | Found a staircase to the Snake Pit.
 13217 | Lair:2   | Noticed a dire elephant
 13233 | Lair:1   | Reached skill level 18 in Unarmed Combat
 13890 | Lair:3   | Reached ****** piety under Wu Jian
 14057 | Lair:3   | Found a staircase to the Swamp.
 14717 | Lair:4   | Found a staircase to the Slime Pits.
 14747 | Lair:4   | Reached XP level 14. HP: 129/141 MP: 11/13
 15023 | Lair:4   | Reached skill level 10 in Fighting
 15321 | Lair:5   | Entered Level 5 of the Lair of Beasts
 15332 | Lair:4   | Noticed a ghost moth
 15339 | Lair:4   | Killed a ghost moth
 15664 | Lair:5   | Reached skill level 19 in Unarmed Combat
 16229 | Lair:5   | Identified the +3 ring mail of the Devil {rN+ Str+3}
 16404 | Lair:5   | Found a large runed translucent door.
 16405 | Lair:5   | Found a large runed translucent door.
 17488 | Lair:2   | Reached XP level 15. HP: 138/152 MP: 14/14
 17816 | Orc:1    | Entered Level 1 of the Orcish Mines
 18291 | Orc:2    | Entered Level 2 of the Orcish Mines
 18521 | Orc:2    | HP: 3/152 [orc knight/+0 great sword (7)]
 18859 | Orc:2    | Reached skill level 20 in Unarmed Combat
 18966 | Orc:2    | Found Bogut's Antique Armour Boutique.
 18972 | Orc:2    | Found Momerown's Magic Scroll Boutique.
 18975 | Orc:2    | Found Isymmuino's Armour Shop.
 18978 | Orc:2    | Found Anienem's Armour Shop.
 18991 | Orc:2    | Bought a scroll of acquirement for 572 gold pieces
 18993 | Orc:2    | Acquired a manual of Poison Magic
 19048 | Orc:2    | Found Zemey's Armour Emporium.
 19056 | Orc:2    | Bought the -2 hat of the Alchemist {rElec rPois rF+ rC+ rN+
                  | Will+ rMut rCorr} for 519 gold pieces
 19056 | Orc:2    | Found the -2 hat of the Alchemist {rElec rPois rF+ rC+ rN+
                  | Will+ rMut rCorr}
 19070 | Orc:2    | Found Cubovom's Jewellery Boutique.
 19115 | Orc:2    | Found a staircase to the Elven Halls.
 19585 | D:13     | Found Nilaac's Weapon Shop.
 20003 | D:14     | Noticed Kirke
 20016 | D:14     | Killed Kirke
 20120 | D:14     | Found a runed translucent door.
 20123 | D:14     | Noticed Vutitzatia's ghost (journeyman DsAr)
 20716 | D:14     | Noticed Rupert
 20718 | D:14     | Noticed Nessos
 20733 | D:14     | Killed Rupert
 20742 | D:14     | Noticed Urug
 20749 | D:14     | Killed Nessos
 20793 | D:14     | Killed Urug
 20894 | D:14     | Found a gate to the Vaults.
 21254 | D:14     | Killed Vutitzatia's ghost
 21322 | D:15     | Entered Level 15 of the Dungeon
 21342 | D:15     | Reached skill level 10 in Dodging
 21674 | D:15     | Found a shadowy altar of Dithmenos.
 21744 | D:15     | Reached skill level 1 in Armour
 21822 | D:15     | Reached XP level 16. HP: 163/163 MP: 15/15
 21843 | D:15     | Found a staircase to the Depths.
 22177 | Snake:1  | Entered Level 1 of the Snake Pit
 22257 | Snake:1  | You are sucked into a shaft and drop 1 floor!
 22428 | Snake:2  | Reached skill level 21 in Unarmed Combat
 22653 | Snake:2  | Found Tukke's Magic Scroll Emporium.
 23164 | Snake:2  | HP: 8/165 [anaconda[a naga ritualist] (12)]
 23164 | Snake:2  | Slain by an anaconda

Illustrated notes

Levels and vault maps discovered:
D:1:      minmay_arrival_semitransparent, layout_rooms,
          hellmonk_ecumenical_altar_zigzags
D:2:      layout_rooms, serial_rivers, chequers_serial_rivers_room_b,
          chequers_serial_rivers_marsh, chequers_serial_rivers_micro_a,
          chequers_serial_rivers_small_a, uniq_natasha, uniq_terence, uniq_robin
D:3:      layout_rooms, chequers_temple_overflow_minitemple, uniq_ijyb
D:4:      lemuel_castle_with_subvaults [lemuel_castle_interior_carwin_2],
          layout_layer_cave, ebering_ghost_sewer_f, minmay_misc_feat_pillars,
          nicolae_figureground_sparkle
D:5:      layout_loops_ring, grunt_temple_overflow_order_and_chaos_2,
          minmay_temple_entry_sparse_star, minmay_ruined_shrine
D:6:      layout_cave_pools, palyth_temple_overflow_mages,
          nicolae_qazlal_scattered_showers, ashenzari_altar_1,
          minmay_manual_mares
D:7:      layout_basic, uniq_joseph
D:8:      layout_rooms, xom_confusion_cloud
D:9:      layout_basic, lemuel_tele_altar, serial_shops, shop
D:10:     layout_irregular_city, mainiacjoe_overflow_brackets,
          lemuel_doored_altar, erik_lair_dragon, nicolae_trove_entry_crystal,
          minmay_misc_feat_tiny
D:11:     layout_irregular_city, uniq_grum
D:12:     nicolae_BIG_FREAKIN_CUBE, layout_irregular_city, serial_shops, shop,
          kennysheep_mini_moat, uniq_frances
D:13:     layout_roguey, serial_shops, shop
D:14:     minmay_shoctagon, layout_basic, david_vaults_3,
          ebering_ghost_inner_flame, serial_library_hellmonk_semicircle,
          uniq_kirke, uniq_rupert
D:15:     gammafunk_enter_depths_forms, layout_rooms, grunt_dithmenos_smoke
Temple:   hellmonk_temple_divided_pantheon
Lair:1:   layout_loops_ring, gammafunk_ghost_wrathful_warriors,
          serial_bayou_ford_a, beast_lair_carwin_10
Lair:2:   mu_elephants_graveyard, layout_layer_cave,
          nicolae_snake_entry_warm_welcome, minmay_holes, minivault_23,
          nicolae_quartered_pool_little, uniq_erica
Lair:3:   layout_roguey, nicolae_swamp_entry_spooky
Lair:4:   layout_long_grid, nicolae_slime_entry_field_trip,
          hangedman_lair_unloving_vines, beast_lair_carwin_1,
          infiniplex_staircase_pool, grunt_megastairs_3
Lair:5:   cheibrodos_lair_end_hotspot, layout_long_grid, patterned_corridor
Snake:1:  layout_gridlike, ebering_ghost_rock_garden, nicolae_snake_snakewalk
Snake:2:  layout_chambers, serial_shops, shop, grunt_megastairs_2, uniq_azrael
Orc:1:    layout_caves
Orc:2:    st_orc_mages, layout_caves, serial_shops, nicolae_shop_statue_plus,
          shop, kennysheep_orc_chapel

Skill      XL: |  1  2  3  4  5  6  7  8  9 10 11 12 13 14 15 16 |
---------------+-------------------------------------------------+-----
Fighting       | 1 2 3 4 5 6 7 8 9 10 11 | 11.9
Unarmed Combat | 4 5 6 7 8 12 14 16 17 18 19 20 21 | 21.2
Shapeshifting  | 4 5 6 7 8 9 10 11 12 13 | 13.2
Dodging        | 3 5 6 7 9 10 | 10.0
Armour         | 1 2 |  2.7

Action                     |  1- 3 |  4- 6 |  7- 9 | 10-12 | 13-15 | 16-18 || total
---------------------------+-------+-------+-------+-------+-------+-------++-------
  Melee: Unarmed           |    54 |   204 |   253 |   521 |  1316 |   146 ||  2494
         Punch             |     1 |     3 |     8 |       |       |       ||    12
 Invoke: Heavenly Storm    |       |       |       |     1 |     3 |     1 ||     5
Ability: Lunge             |       |    16 |    34 |    31 |    84 |    10 ||   175
         Whirlwind         |       |     2 |     5 |     8 |    54 |     2 ||    71
         Begin Untransform |       |       |     1 |       |       |       ||     1
         Wall Jump         |       |       |       |     1 |     4 |       ||     5
  Evoke: Wand              |       |       |       |     6 |    18 |       ||    24
    Use: Scroll            |       |       |    15 |    12 |     5 |       ||    32
         Potion            |       |       |     3 |     6 |     8 |       ||    17
 Armour: Animal skin       |    39 |   167 |   195 |   176 |       |       ||   577
         Skin              |       |    24 |       |       |       |       ||    24
         Acid dragon scale |       |       |       |   266 |   834 |    81 ||  1181
  Dodge: Dodged            |    27 |   139 |    86 |   252 |   398 |    50 ||   952
  Block: Other             |       |       |       |       |   109 |    25 ||   134
         Reflection        |       |       |       |       |     4 |     1 ||     5
   Form: Beast             |       |       |     1 |       |       |       ||     1
         Flux              |       |       |     1 |       |       |       ||     1

Table legend: (Time is in decaauts)
 A = Elapsed time spent in this place.
 B = Non-inter-level travel time spent in this place.
 C = Inter-level travel time spent in this place.
 D = Time resting spent in this place.
 E = Time spent auto-exploring this place.
 F = Levels seen in this place.
 G = Mean time per level.
                   A        B        C        D        E       F      G
               +--------+--------+--------+--------+--------+-----+--------+
         Total |  22541 |  21634 |    907 |   3170 |  12670 |  25 |  901.6 |
       Dungeon |  13180 |  12512 |    668 |   1757 |   7923 |  15 |  878.7 |
        Temple |    102 |    102 |      0 |     37 |      0 |   1 |  102.0 |
          Lair |   6693 |   6494 |    199 |   1042 |   3511 |   5 | 1338.6 |
     Snake Pit |    947 |    947 |      0 |    117 |    510 |   2 |  473.5 |
  Orcish Mines |   1617 |   1579 |     38 |    217 |    726 |   2 |  808.5 |
               +--------+--------+--------+--------+--------+-----+--------+

Top non-repeatable levels by time:
  Lair:5: 1863 daAuts
  Lair:2: 1674 daAuts
     D:4: 1499 daAuts
    D:10: 1436 daAuts
    D:14: 1320 daAuts
  Lair:1: 1191 daAuts
    D:11: 1112 daAuts
    D:12: 1099 daAuts
  Lair:3: 1092 daAuts
   Orc:2: 1023 daAuts
     D:7: 904 daAuts
  Lair:4: 870 daAuts
 Snake:2: 869 daAuts
     D:5: 836 daAuts
     D:9: 813 daAuts
